 Dungeon Crawl Stone Soup version 0.28-a0-247-gb8bfbab023 (webtiles) character file.

Game seed: 11266701940765312871

177 robertstho the Magician (level 5, -1/35 HPs)
             Began as a Djinni Fire Elementalist on Aug 25, 2021.
             Slain by an adder (4 damage)
             ... on level 4 of the Dungeon.
             The game lasted 00:05:06 (3844 turns).

robertstho the Magician (Djinni Fire Elementalist)  Turns: 3844, Time: 00:05:07

Health: -1/35      AC:  2    Str:  7    XL:     5   Next: 87%
Gold:   107        EV: 12    Int: 17    God:
                   SH:  0    Dex: 14

rFire   + + .      SeeInvis .   k - +2 hand axe (flame)
rCold   x . .      Faith    .   (no shield)
rNeg    . . .      Spirit   .   a - +0 robe
rPois   ∞          Reflect  .   (no helmet)
rElec   .          Harm     .   (no cloak)
rCorr   .          Rampage  .   (no gloves)
Will    .....                   (boots unavailable)
Stlth   ++........              (no amulet)
HPRegen 0.11/turn               (no ring)
MPRegen 0.00/turn               (no ring)

@: flying, very slightly contaminated
A: sickness immunity, fire resistance 2, cold vulnerability 1, float, innate
caster, hp casting, extra vitality 1
a: no special abilities


You were on level 4 of the Dungeon.
You visited 1 branch of the dungeon, and saw 4 of its levels.

You collected 107 gold pieces.

Inventory:

Hand Weapons
 k - a +2 hand axe of flaming (weapon)
Armour
 a - a +0 robe (worn)
Scrolls
 e - a scroll of enchant weapon
 f - a scroll of immolation {unknown}
 h - a scroll of teleportation {unknown}
 j - a scroll of fog {unknown}
 l - a scroll of acquirement {unknown}
Potions
 c - a potion of might
 d - a potion of curing {unknown}
 g - a potion of resistance {unknown}
 i - 2 potions of brilliance {unknown}
 m - a potion of invisibility


   Skills:
 + Level 0.2 Fighting
 + Level 2.5 Dodging
 + Level 2.0 Stealth
 + Level 4.4 Spellcasting


You couldn't memorise any spells.
You knew the following spells:

 Your Spells              Type           Power      Damage    Failure   Level
a - Foxfire               Conj/Fire      72%        2x1d7     2%          1
b - Conjure Flame         Conj/Fire      18%        6-21      8%          3
c - Inner Flame           Hex/Fire       18%        N/A       8%          3
d - Sticky Flame          Conj/Fire      18%        2d4       24%         4
e - Fireball              Conj/Fire      9%         3d6       56%         5
f - Sting                 Tmut/Pois      72%        1d6       2%          1
g - Call Imp              Summ           18%        N/A       3%          2
Your spell library was empty.

Dungeon Overview and Level Annotations

Branches:
Dungeon (4/15)
 Temple: D:4-7

Altars:
Yredelemnul

Shops:
D:2 :


Innate Abilities, Weirdness & Mutations

You are immune to sickness and miasma.
You are immune to poison.
Your flesh is very heat resistant. (rF++)
You are vulnerable to cold. (rC-)
You float through the air rather than walking.
You learn spells naturally, not from books.
Your magical power is your life essence.
You have superior vitality. (+4 HP)


Message History

The spell is extremely dangerous to cast (26% risk of failure)!
Continue anyway?
Aiming: Sticky Flame (extremely dangerous; 26% risk of failure)
Press: ? - help, Shift-Dir - straight line, f - iguana
Aim: an iguana (100% to hit)
The sticky flame hits the iguana but does no damage.
The iguana is covered in liquid flames!
The iguana burns!
The iguana barely misses you.
Unknown command.
The iguana burns!
A ball python and an adder come into view.
The iguana burns!
The iguana burns!
The iguana burns!
The iguana burns!
You kill the iguana!
Casting: Foxfire (safe; 2% risk of failure)
Press: ? - help, Q - select action, (/) - cycle Dir - look around, f - activate You miscast Foxfire.
You are very lightly contaminated with residual magic.
Nothing appears to happen.
* * * LOW HITPOINT WARNING * * *
Casting: Foxfire (safe; 2% risk of failure)
Press: ? - help, Q - select action, (/) - cycle Dir - look around, f - activate You conjure some foxfire!
* * * LOW HITPOINT WARNING * * *
The ball python hisses angrily.
The adder bites you.
* * * LOW HITPOINT WARNING * * *
Casting: Foxfire (safe; 2% risk of failure)
Press: ? - help, Q - select action, (/) - cycle Dir - look around, f - activate You conjure some foxfire!
* * * LOW HITPOINT WARNING * * *
The foxfire hits the adder.
The adder is moderately wounded.
The adder bites you.
* * * LOW HITPOINT WARNING * * *
The foxfire hits the ball python.
The ball python is moderately wounded.
The adder bites you.
You die...

#<#.........
###.#######.# ..
#.# .# .
#.#######.#.# #
#.........#.#.#≈
#.####...........♣
#....'..........♣
######...§vS.###♣
+........v@S....♣
###########...##≈♣
...# ...# ...#
...# ...# ...#


You could see an adder (ally target) and a ball python.

Vanquished Creatures
  An orc priest (D:3)
  An iguana (D:4)
  5 adders
  3 worms (D:2)
  A dart slug (D:2)
  3 orcs (D:3)
  5 bats
  6 endoplasms
  3 giant cockroaches (D:2)
  3 goblins
  6 hobgoblins
  5 jackals
  3 quokkas
  6 ball pythons
  2 frilled lizards
  3 kobolds
  4 rats
60 creatures vanquished.

Vanquished Creatures (collateral kills)
  A foxfire (D:4)
1 creature vanquished.

Vanquished Creatures (others)
  A bullfrog zombie (D:3)
  298 foxfires
299 creatures vanquished.

Grand Total: 360 creatures vanquished

Notes
Turn   | Place    | Note
-------+----------+-------------------------------------------
     0 | D:1      | robertstho the Djinni Fire Elementalist began the quest for
                  | the Orb.
     0 | D:1      | Reached XP level 1. HP: 15/15 MP: 0/0
   309 | D:1      | Reached XP level 2. HP: 20/21 MP: 0/0
   330 | D:1      | Found a faded altar of an unknown god.
   885 | D:1      | Reached skill level 3 in Spellcasting
   893 | D:1      | Reached XP level 3. HP: 17/25 MP: 0/0
   893 | D:1      | Learned a level 1 spell: Sting
  1491 | D:2      | Reached XP level 4. HP: 29/31 MP: 0/0
  1774 | D:2      | Found a basalt altar of Yredelemnul.
  1803 | D:2      | Found Wanorof's Book Boutique.
  2775 | D:3      | Reached skill level 4 in Spellcasting
  2775 | D:3      | Reached XP level 5. HP: 30/35 MP: 0/0
  2775 | D:3      | Learned a level 2 spell: Call Imp
  3844 | D:4      | Slain by an adder

Illustrated notes

Levels and vault maps discovered:
D:1:      giann_horns, layout_basic, hellmonk_ecumenical_altar_inner_sanctum,
          roderic_three_in_a_row
D:2:      layout_basic, serial_shops,
          nicolae_shop_temple_entry_statues_fountains, basic_altar
D:3:      layout_rooms, lemuel_flame_loot_1
D:4:      layout_basic, serial_bayou, serial_bayou_pond_c, serial_bayou_lake_a,
          serial_bayou_shore_a, serial_bayou_pond_e, ebering_ghost_rock_garden

Skill      XL: |  1  2  3  4 |
---------------+-------------+-----
Spellcasting   | 3 4 |  4.4
Stealth        | 2 |  2.0
Fighting       | |  0.2
Dodging        | |  2.5

Action                   |  1- 3 |  4- 6 || total
-------------------------+-------+-------++-------
Melee: Unarmed           |     6 |       ||     6
       Hand axe          |       |     7 ||     7
 Cast: Foxfire           |    62 |   127 ||   189
       Sticky Flame      |       |     1 ||     1
  Use: Scroll            |       |     3 ||     3
Armor: Robe              |     3 |     2 ||     5
Dodge: Dodged            |     9 |    17 ||    26

Table legend: (Time is in decaauts)
 A = Elapsed time spent in this place.
 B = Non-inter-level travel time spent in this place.
 C = Inter-level travel time spent in this place.
 D = Time resting spent in this place.
 E = Time spent auto-exploring this place.
 F = Levels seen in this place.
 G = Mean time per level.
                   A        B        C        D        E       F      G
               +--------+--------+--------+--------+--------+-----+--------+
         Total |   3845 |   3758 |     87 |    295 |   3014 |   4 |  961.2 |
       Dungeon |   3845 |   3758 |     87 |    295 |   3014 |   4 |  961.2 |
               +--------+--------+--------+--------+--------+-----+--------+

Top non-repeatable levels by time:
     D:2: 1325 daAuts
     D:3: 1233 daAuts
     D:1: 1220 daAuts
     D:4: 66 daAuts
